 Dungeon Crawl Stone Soup version 0.16.1-11-g651b585 (webtiles) character file.

1973 Sachiko the Covert (level 9, 0/58 HPs)
             Began as a Spriggan Enchanter on Mar 31, 2015.
             Was a Believer of Dithmenos.
             Slain by a killer bee (2 damage)
             ... on level 8 of the Dungeon on Apr 1, 2015.
             The game lasted 00:38:00 (7335 turns).

Sachiko the Covert (Spriggan Enchanter)             Turns: 7335, Time: 00:38:01

Health: 0/58       AC: 24    Str:  7    XL:     9   Next: 0%
Magic:  22/22      EV:  4    Int: 22    God:    Dithmenos [**....]
Gold:   304        SH:  0    Dex: 16    Spells: 3 memorised, 7 levels left

rFire  . . .     SeeInvis +     a - +2 dagger
rCold  . . .     Clarity  .     q - melded +2 robe {MR+}
rNeg   + + +     SustAb   .     (shield restricted)
rPois  +         Gourm    .     (helmet currently unavailable)
rElec  .         Spirit   .     (cloak currently unavailable)
rCorr  .         Warding  .     (gloves unavailable)
rMut   .         NoTele   +     (boots unavailable)
MR     +....                    (no amulet)
Stlth  ++++++++++               n - ring of stealth
                                i - ring of wizardry

@: brilliant, lethally poisoned (0 -> -2), tree-form, wreathed by umbra,
invisible, somewhat resistant to hostile enchantments, uncannily stealthy
A: unfitting armour, see invisible, herbivore 3, (speed 0), slow metabolism 2
a: Shadow Step, Renounce Religion


You were on level 8 of the Dungeon.
You worshipped Dithmenos.
Dithmenos was pleased with you.
You were not hungry.
You were a tree.
You visited 1 branch of the dungeon, and saw 8 of its levels.

You collected 304 gold pieces.

Inventory:

Hand weapons
 a - a +2 dagger (weapon)
Armour
 b - a +1 robe
 m - a +2 robe of cold resistance
 q - a +2 robe of magic resistance (melded)
Jewellery
 i - a ring of wizardry (left branch)
 n - a ring of stealth (right branch)
 w - a cursed amulet of inaccuracy {unknown}
Magical devices
 k - a wand of confusion (32)
 p - a wand of cold (6)
Scrolls
 e - 2 scrolls of enchant weapon
 f - a scroll of remove curse
 l - a scroll of amnesia
 o - a scroll of recharging
 t - a scroll of magic mapping {unknown}
 u - 3 scrolls of identify
Potions
 g - 2 potions of might
 v - 4 potions of curing {unknown}
 x - a potion of heal wounds {unknown}
Books
 c - a book of Maledictions

   Spells                             Type                      Level
   a - Corona                         Hexes                        1
   b - Sure Blade                     Hexes/Charms                 2
   c - Ensorcelled Hibernation        Hexes/Ice                    2
   d - Confuse                        Hexes                        3
   e - Dazzling Spray                 Conjuration/Hexes            3
   f - Enslavement                    Hexes                        4
 r - a book of Summonings

   Spells                             Type                      Level
   a - Abjuration                     Summoning                    3
   b - Recall                         Summoning/Translocation      3
   c - Shadow Creatures               Summoning                    5
   d - Summon Demon                   Summoning                    5
   e - Summon Forest                  Summoning/Translocation      5
   f - Monstrous Menagerie            Summoning                    6
Comestibles
 d - 3 bread rations


   Skills:
 + Level 7.7 Short Blades
 * Level 6.6 Dodging
 + Level 13.2 Stealth
 - Level 2.6 Spellcasting
 - Level 3.6 Hexes


You had 7 spell levels left.
You knew the following spells:

 Your Spells              Type           Power        Failure   Level  Hunger
a - Corona                Hex            ####...      1%          1    None
b - Ensorcelled Hibernat  Hex/Ice        ###...       1%          2    ##.....
c - Confuse               Hex            ####....     1%          3    ###....


Dungeon Overview and Level Annotations

Branches:
Dungeon (8/15)             Temple (0/1) D:5
   Lair: D:8-11

Altars:
Cheibriados
Dithmenos
Elyvilon
Gozag
Nemelex Xobeh
Qazlal
Ru
Xom
Zin

Annotations:
D:6 Ryushun's ghost, experienced SpWr


Innate Abilities, Weirdness & Mutations

You are tiny and cannot use many weapons and most armour.
You have supernaturally acute eyesight.
You are a herbivore.
((You cover ground extremely quickly.))
You need consume almost no food.


Message History

Your +2 robe of magic resistance melds into your body.
You feel less resistant to hostile enchantments.
Your roots penetrate the ground.
The killer bee stings you but does no damage.
The killer bee stings you.
* * * LOW HITPOINT WARNING * * *
The killer bee stings you but does no damage.
The killer bee completely misses you.
Drink which item? (? for menu, Esc to quit)
It was a potion of brilliance.
You feel clever all of a sudden.
The killer bee stings you but does no damage. x2
The killer bee barely misses you.
The killer bee stings you but does no damage.
Drink which item? (? for menu, Esc to quit)
It was a potion of invisibility.
You fade into invisibility!
The killer bee stings you but does no damage. x2
The killer bee stings you.
You die... #####.##### #.♣y......# #y###.###.# #. #. #. #. ##

You could see 2 killer bees.

Vanquished Creatures
  Prince Ribbit (D:7)
  A hippogriff (D:7)
  A sky beast (D:7)
  A necrophage (D:5)
  An ogre (D:5)
  An orc warrior (D:6)
  The ghost of Ryushun the Bolt Thrower, an average HuWn (D:3)
  A giant frog (D:6)
  2 big kobolds (D:6)
  A killer bee (D:7)
  6 wights
  A goliath beetle (D:6)
  2 crimson imps
  A giant frog skeleton (D:5)
  2 hounds
  A jelly (D:5)
  2 orc priests
  4 orc wizards
  2 worker ants
  Jessica (D:7)
  A hound zombie (D:5)
  8 adders
  6 gnolls (D:3)
  A worm (D:3)
  An adder skeleton (D:5)
  A giant gecko (D:3)
  An ooze (D:3)
  25 orcs
  6 giant cockroaches
  10 goblins
  12 hobgoblins
  2 quokkas
  A ball python (D:2)
  16 bats
  5 giant newts
  14 kobolds
  7 rats
150 creatures vanquished.

Notes
Turn   | Place    | Note
--------------------------------------------------------------
     0 | D:1      | Sachiko, the Spriggan Enchanter, began the quest for the Orb.
     0 | D:1      | Reached XP level 1. HP: 9/9 MP: 4/4
   383 | D:1      | Reached skill level 5 in Stealth
   513 | D:1      | Reached XP level 2. HP: 13/13 MP: 7/7
  1220 | D:2      | Reached skill level 6 in Stealth
  1220 | D:2      | Reached XP level 3. HP: 11/16 MP: 9/9
  1715 | D:3      | Learned a level 2 spell: Ensorcelled Hibernation
  1719 | D:3      | Learned a level 3 spell: Confuse
  1726 | D:3      | Noticed Ryushun's ghost (average HuWn)
  1922 | D:3      | Found a sacrificial altar of Ru.
  2053 | D:3      | Reached skill level 7 in Stealth
  2065 | D:3      | Reached XP level 4. HP: 21/21 MP: 9/12
  2079 | D:3      | Found an opulent altar of Gozag.
  2079 | D:3      | Found a snail-covered altar of Cheibriados.
  2086 | D:3      | Found a stormy altar of Qazlal.
  2087 | D:3      | Found a shadowy altar of Dithmenos.
  2101 | D:3      | Became a worshipper of Dithmenos the Shadowed
  2229 | D:3      | Reached skill level 8 in Stealth
  2261 | D:3      | Reached XP level 5. HP: 18/24 MP: 0/14
  2530 | D:3      | Killed Ryushun's ghost
  2974 | D:4      | Reached XP level 6. HP: 28/28 MP: 9/17
  3104 | D:4      | Reached skill level 5 in Short Blades
  3407 | D:4      | Found a shimmering altar of Xom.
  4157 | D:5      | Entered Level 5 of the Dungeon
  4196 | D:5      | Reached XP level 7. HP: 26/32 MP: 12/19
  4329 | D:5      | Found a staircase to the Ecumenical Temple.
  4482 | D:5      | Found a white marble altar of Elyvilon.
  4524 | D:5      | Acquired Dithmenos' first power
  4524 | D:5      | Reached skill level 9 in Stealth
  4801 | D:5      | Reached skill level 10 in Stealth
  4871 | D:5      | Found a glowing silver altar of Zin.
  5380 | D:6      | Reached XP level 8. HP: 36/36 MP: 17/20
  5580 | D:6      | Reached skill level 11 in Stealth
  5748 | D:6      | Noticed Ryushun's ghost (experienced SpWr)
  6247 | D:6      | HP: 1/36 [poisoned by a big kobold]
  6956 | D:6      | Reached skill level 12 in Stealth
  7059 | D:7      | Noticed Prince Ribbit
  7072 | D:7      | Killed Prince Ribbit
  7072 | D:7      | Reached skill level 5 in Dodging
  7164 | D:7      | Reached skill level 13 in Stealth
  7220 | D:7      | Found a sparkling altar of Nemelex Xobeh.
  7220 | D:7      | Noticed Jessica
  7224 | D:7      | Killed Jessica
  7280 | D:7      | Reached XP level 9. HP: 37/39 MP: 19/22
  7333 | D:8      | HP: 1/58 [killer bee (5)]
  7335 | D:8      | Slain by a killer bee

Action                   |  1- 3 |  4- 6 |  7- 9 || total
-------------------------+-------+-------+-------++-------
Melee: Dagger            |   140 |   111 |   154 ||   405
 Cast: Ensorcelled Hiber |     5 |    51 |    44 ||   100
       Confuse           |       |    10 |    18 ||    28
Invok: Shadow Step       |       |       |     1 ||     1
  Use: Scroll            |     3 |     6 |     2 ||    11
       Potion            |     2 |       |     3 ||     5
 Stab: Sleeping          |    18 |    39 |    39 ||    96
       Distracted        |     1 |     2 |       ||     3
       Confused          |       |     4 |     7 ||    11
  Eat: Pizza             |       |     1 |       ||     1
       Fruit             |       |     3 |       ||     3
       Bread ration      |       |       |     2 ||     2
